AoeStats
← Křovák

Arena

504957724Analyzed
1v1 RM · 26d ago on Sep 7, 2026· 49m 27s· 2 players
Game mode
Random Map
Map size
Tiny (2 player)
Population
200
Speed
Normal
Resources
Standard
Victory
Conquest
Starting age
Dark Age
Ending age
Imperial Age
RankedLock teamsTeams togetherTeam positionsShared explorationLock speedFull tech treeHidden civsTurbo modeCheats
Victory
Defeat
🇲🇽 Slavs · Mexico
930
+12
🇨🇿 Malians · Czechia
852
-12
Křovák
8:19 Loom
11:19 Feudal Age
16:38 Castle Age
15:11 Double-Bit Axe
15:41 Horse Collar
17:42 Bow Saw
20:57 Town Watch
22:05 Heavy Plow
26:58 Fletching
27:56 Pikeman
33:12 Imperial Age
33:04 Ballistics
32:40 Murder Holes
34:52 Bodkin Arrow
36:42 Scale Mail Armor
40:28 Chemistry
40:53 Cavalier
41:33 Husbandry
42:07 Forging
42:03 Scale Barding Armor
41:56 Gold Mining
41:57 Stone Mining
42:36 Fortified Wall
42:07 Treadmill Crane
42:52 Conscription
43:07 Hoardings
42:34 Tigui
48:52 Farimba
King Marco Aurelio
5:24 Loom
11:32 Feudal Age
12:17 Double-Bit Axe
12:15 Horse Collar
19:25 Castle Age
17:30 Stone Mining
18:24 Fletching
20:28 Bow Saw
20:20 Heavy Plow
20:40 Gold Mining
21:34 Wheelbarrow
22:19 Fletching
25:47 Hand Cart
28:57 Gold Shaft Mining
32:01 Imperial Age
32:13 Scale Mail Armor
32:23 Forging
33:20 Conscription
33:17 Siege Engineers
33:04 Town Watch
33:32 Detinets
33:01 Pikeman
33:41 Squires
34:20 Iron Casting
34:00 Chain Mail Armor
34:49 Chemistry
33:47 Murder Holes
35:46 Ballistics
35:19 Halberdier
36:05 Druzhina
37:55 Two-Man Saw
37:30 Crop Rotation
38:03 Plate Mail Armor
38:33 Blast Furnace
37:48 Masonry
37:31 Heavy Scorpion
40:29 Capped Ram
Connection lost

Rejoining the realm…

Still unreachable

The connection could not be restored.

Session expired

The server has moved on; the page needs a fresh start.